 Dungeon Crawl Stone Soup version 0.29.0-4-gdea44cf6ec (webtiles) character file.

Game seed: 17473029315860397851

10784 qw the Cleaver (level 11, -9/94 HPs)
             Began as a Minotaur Berserker on Sept 4, 2022.
             Was an Elder of Trog.
             Killed by divine providence
             ... invoked by a meliai
              (10 damage)
             ... on level 11 of the Dungeon.
             The game lasted 00:04:30 (13405 turns).

qw the Cleaver (Minotaur Berserker)                Turns: 13405, Time: 00:04:31

Health: -9/94      AC: 15    Str: 26    XL:     11   Next: 40%
Magic:  10/10      EV:  5    Int:  4    God:    Trog [****..]
Gold:   630        SH: 16    Dex: 10    Spells: 10/10 levels left

rFire   . . .      SeeInvis +   g - +0 war axe (vamp)
rCold   . . .      Faith    .   m - +0 tower shield
rNeg    . . .      Spirit   .   k - +0 plate armour
rPois   +          Reflect  .   (helmet restricted)
rElec   .          Harm     .   c - +0 cloak
rCorr   .          Rampage  .   h - +0 pair of gloves
Will    .....                   (no boots)
Stlth   ..........              (no amulet)
HPRegen 0.25/turn               q - ring of see invisible
MPRegen 0.12/turn               j - ring of poison resistance

@: on berserk cooldown, slowed, very slow
A: horns 2, retaliatory headbutt
a: Renounce Religion, Berserk, Trog's Hand, Brothers in Arms


You were on level 11 of the Dungeon.
You worshipped Trog.
Trog was greatly pleased with you.
You visited 1 branch of the dungeon, and saw 11 of its levels.
You also visited: Ossuary.

You collected 760 gold pieces.
You spent 130 gold pieces at shops.


Innate Abilities, Weirdness & Mutations

You have a pair of horns on your head.
You reflexively headbutt those who attack you in melee.


   Skills:
 - Level 8.0 Fighting
 + Level 13.9 Axes
 - Level 3.2 Throwing
 - Level 7.1 Armour
 - Level 2.1 Dodging
 - Level 13.0 Shields


You had 10 spell levels left.
You didn't know any spells.
Your spell library was empty.

Inventory:

Hand Weapons
 f - a +0 morningstar of holy wrath
 g - a +0 vampiric war axe (weapon)
Missiles
 o - 3 boomerangs (quivered)
Armour
 c - a +0 cloak (worn)
 h - a +0 pair of gloves (worn)
 k - a +0 plate armour (worn)
 m - a +0 tower shield (worn)
 p - the +3 plate armour of Starshine {rF+ rCorr MP+9 Stlth-}
   (You found it on level 11 of the Dungeon)

   rF:        It protects you from fire.
   MP:        It affects your magic capacity (+9).
   rCorr:     It protects you from acid and corrosion.
   Stlth:     It makes you less stealthy.
Jewellery
 j - a ring of poison resistance (right hand)
 n - a ring of protection from cold
 q - a ring of see invisible (left hand)
 r - a ring of resist corrosion
Scrolls
 d - 2 scrolls of identify
 i - 5 scrolls of teleportation
 l - 2 scrolls of magic mapping {unknown}
Potions
 a - 7 potions of curing
 b - 2 potions of heal wounds
 e - 2 potions of cancellation
 t - a potion of might
 u - a potion of haste

Dungeon Overview and Level Annotations

Branches:
Dungeon (11/15)            Temple (0/1) D:6            Lair (0/5) D:11
    Orc (0/2) D:10        Ossuary (visited)

Altars:
Qazlal
Vehumet
Zin

Shops:
D:9 !

Annotations:
D:6 2 transporters, qw's ghost, amateur FoCA
D:9 4 transporters


Message History

The yak is heavily wounded.
You block the yak's attack.
The meliai invokes the aid of its god against you.
Something smites you!
You slice the yak!!
You feel better.
The yak is almost dead.
The meliai calls down the wrath of its god upon you.
Something smites you! You block the yak's attack.
You slash the yak!
You feel better.
You kill the yak!
Trog accepts your kill.
You slash the meliai!
You feel better.
The meliai is severely wounded.
You block the meliai's attack. x2
The meliai calls down the wrath of its god upon you.
Something smites you! The meliai hits you with a +0 hand axe.
The meliai barely misses you.
You closely miss the meliai. Your headbutt misses the meliai.
The meliai is severely wounded.
The meliai hits you with a +0 hand axe. You block the meliai's attack.
You hit the meliai.
The meliai is severely wounded.
The meliai calls down the wrath of its god upon you.
Something smites you!
You hit the meliai.
You feel better.
Your headbutt misses the meliai.
The meliai is almost dead.
You are no longer berserk.
You are exhausted.
You feel yourself slow down. You block the meliai's attack.
The meliai stings you. The meliai barely misses you. You furiously retaliate!
You headbutt the meliai. You block the meliai's attack.
You closely miss the meliai.
The meliai is almost dead.
The meliai invokes the aid of its god against you.
Something smites you! You block the meliai's attack. x2
The meliai mumbles some strange prayers to its god against you.
Something smites you!
The meliai mumbles some strange prayers to its god against you.
Something smites you!
You die...

....!.# #....>..#
......#####.......#
.....>'...#.......#
......###.'.......#
.....?# ###.......#
##'#### ####'####
#.## #...# #..#
###.# ###'## #@#
..)..# #y# ....)#


YBY ..)))# ..y.. .....# #...... .....# #......# .....# #......# .....+ #......#
.....# You could see a boulder beetle, 2 yaks and 2 meliai.

Vanquished Creatures
  A boulder beetle (D:9)
  Pikel (D:8)
  2 oklob plants (D:11)
  Maurice (D:8)
  Maggie (D:8)
  A komodo dragon (D:11)
  A meliai (D:11)
  A troll (D:10)
  A hornet (D:10)
  12 yaks
  2 shadows
  A wyvern (D:8)
  A vampire (D:11)
  3 steam dragons
  A water moccasin (D:7)
  2 sky beasts (D:7)
  6 orc warriors
  2 black bears
  An ice beast (D:6)
  4 centaurs
  3 ogres
  A phantom (D:5)
  4 kobold brigands
  Blork the orc (D:4)
  4 bullfrogs
  An elf zombie (Ossuary)
  2 scorpions
  2 gnoll sergeants
  2 necrophages
  9 wights (D:7)
  6 killer bees (D:8)
  3 howler monkeys (D:10)
  A jelly (D:7)
  7 hounds
  A human zombie (Ossuary)
  2 gnoll boudas
  4 orc priests (D:9)
  An iguana (D:7)
  6 orc wizards
  2 mummies (Ossuary)
  24 gnolls
  3 adders (D:5)
  2 river rats (D:6)
  A white imp (D:5)
  An ufetubus (D:7)
  2 worms
  3 dart slugs
  20 orcs
  6 endoplasms
  19 giant cockroaches
  11 goblins
  8 hobgoblins
  12 jackals
  20 kobolds
  5 quokkas
  5 ball pythons
  9 bats
  3 frilled lizards
  2 goblin zombies (Ossuary)
  6 hobgoblin zombies (Ossuary)
  A jackal zombie (Ossuary)
  15 kobold zombies (Ossuary)
  7 orc zombies (Ossuary)
  6 rats
  3 rat zombies (Ossuary)
301 creatures vanquished.

Vanquished Creatures (collateral kills)
  An orc (D:10)
1 creature vanquished.

Vanquished Creatures (others)
  An orc wizard (D:10)
  3 demonic plants (D:1)
  2 fungi (D:1)
  9 plants
  4 toadstools (D:1)
  2 withered plants (D:1)
21 creatures vanquished.

Grand Total: 323 creatures vanquished

Notes
Turn   | Place    | Note
-------+----------+-------------------------------------------
     0 | D:1      | qw the Minotaur Berserker began the quest for the Orb.
     0 | D:1      | Reached XP level 1. HP: 19/19 MP: 0/0
     0 | D:1      | 0 ||| qw: Version: 0.1-a-103-gd6f5d3a
     0 | D:1      | 0 ||| qw: Game counter: 5409
     0 | D:1      | 0 ||| qw: Always use a shield: true
     0 | D:1      | 0 ||| qw: Do Orc after D:15 true
     0 | D:1      | 0 ||| qw: Do second Lair branch before Depths: true
     0 | D:1      | 0 ||| qw: Lair rune preference: random
     0 | D:1      | 0 ||| qw: Plans: Normal
     0 | D:1      | 0 ||| PLANNING D:1-11
   136 | D:1      | Reached XP level 2. HP: 19/26 MP: 1/1
   872 | D:1      | 872 ||| Stepping ~*~*~tactically~*~*~ (stealth).
   883 | D:1      | 883 ||| Stepping ~*~*~tactically~*~*~ (stealth).
   902 | D:1      | 902 ||| Stepping ~*~*~tactically~*~*~ (stealth).
   908 | D:1      | Reached XP level 3. HP: 25/31 MP: 2/2
   973 | D:1      | Found a faded altar of an unknown god.
  1020 | D:1      | 1020 ||| Stepping ~*~*~tactically~*~*~ (hiding).
  1225 | D:1      | 1225 ||| DROPPING orb of wrath.
  1226 | D:1      | 1226 ||| DROPPING scarf of harm.
  1227 | D:1      | 1227 ||| UPGRADING to +0 ring mail.
  1237 | D:1      | 1237 ||| DROPPING +0 animal skin.
  1238 | D:1      | 1238 ||| READING scroll labelled GEC IRO XASTA.
  1239 | D:1      | 1239 ||| READING scroll labelled HIYSOT FOHACW.
  1240 | D:1      | 1240 ||| READING 2 scrolls labelled FASO BYF PEIM.
  1241 | D:1      | 1241 ||| READING 2 scrolls labelled ZOCVAY JOOMI.
  1244 | D:1      | 1244 ||| DROPPING scroll of fear.
  1434 | D:2      | 1434 ||| INVOKING Berserk.
  1510 | D:2      | Reached ** piety under Trog
  1960 | D:2      | 1960 ||| SWAPPING to +0 war axe.
  1961 | D:2      | 1961 ||| DROPPING +0 hand axe.
  2048 | D:2      | Reached XP level 4. HP: 38/39 MP: 3/3
  2083 | D:2      | Reached skill level 6 in Axes
  2196 | D:2      | 2196 ||| UPGRADING to ring of resist corrosion.
  2197 | D:2      | 2197 ||| READING 2 scrolls labelled BAOJUD GOIDGHATE.
  2228 | D:3      | 2228 ||| Stepping ~*~*~tactically~*~*~ (stealth).
  2233 | D:3      | 2233 ||| Stepping ~*~*~tactically~*~*~ (stealth).
  2235 | D:3      | 2235 ||| Stepping ~*~*~tactically~*~*~ (stealth).
  2534 | D:3      | 2534 ||| Stepping ~*~*~tactically~*~*~ (stealth).
  2564 | D:3      | 2564 ||| Stepping ~*~*~tactically~*~*~ (stealth).
  2569 | D:3      | 2569 ||| Stepping ~*~*~tactically~*~*~ (stealth).
  2570 | D:3      | 2570 ||| Stepping ~*~*~tactically~*~*~ (stealth).
  2571 | D:3      | 2571 ||| Stepping ~*~*~tactically~*~*~ (stealth).
  2610 | D:3      | 2610 ||| Stepping ~*~*~tactically~*~*~ (hiding).
  2612 | D:3      | 2612 ||| INVOKING Berserk.
  2707 | D:3      | 2707 ||| DROPPING +0 club.
  3164 | D:3      | 3164 ||| UPGRADING to +0 pair of gloves.
  3169 | D:3      | 3169 ||| UPGRADING to +0 kite shield.
  3174 | D:3      | 3174 ||| UPGRADING to ring of poison resistance.
  3175 | D:3      | 3175 ||| READING scroll labelled SONID KUSUGAOSCH.
  3196 | D:4      | 3196 ||| STAIRDANCE
  3200 | D:3      | Reached XP level 5. HP: 45/45 MP: 4/4
  3228 | D:4      | 3228 ||| Stepping ~*~*~tactically~*~*~ (stealth).
  3270 | D:4      | 3270 ||| Stepping ~*~*~tactically~*~*~ (stealth).
  3336 | D:4      | Noticed Blork the orc
  3339 | D:4      | 3339 ||| INVOKING Berserk.
  3341 | D:4      | Killed Blork the orc
  3342 | D:4      | Reached skill level 3 in Shields
  3730 | D:4      | 3730 ||| Stepping ~*~*~tactically~*~*~ (hiding).
  3732 | D:4      | 3732 ||| Stepping ~*~*~tactically~*~*~ (hiding).
  4016 | D:4      | 4016 ||| DRINKING 3 grey potions.
  4041 | D:5      | Entered Level 5 of the Dungeon
  4060 | D:5      | Reached XP level 6. HP: 50/51 MP: 5/5
  4168 | D:5      | 4168 ||| Stepping ~*~*~tactically~*~*~ (hiding).
  4327 | D:5      | Reached *** piety under Trog
  4481 | D:5      | Reached XP level 7. HP: 47/60 MP: 6/6
  4715 | D:5      | 4715 ||| INVOKING Berserk.
  5004 | D:5      | Reached skill level 6 in Shields
  5008 | D:5      | 5008 ||| READING scroll labelled ZAAXIM GOX.
  5009 | D:5      | 5009 ||| DROPPING +0 flail.
  5010 | D:5      | 5010 ||| READING scroll labelled QEFALI ZACE.
  5011 | D:5      | 5011 ||| READING scroll labelled XAADIDO LYNYTY.
  5012 | D:5      | 5012 ||| READING 3 scrolls of identify.
  5012 | D:5      | 5012 ||| IDENTIFYING inky potion
  5013 | D:5      | 5013 ||| READING 2 scrolls of identify.
  5013 | D:5      | 5013 ||| IDENTIFYING fizzy emerald potion
  5014 | D:5      | 5014 ||| DROPPING potion of lignification.
  5015 | D:5      | 5015 ||| DROPPING potion of magic.
  5068 | D:6      | 5068 ||| PLANNING SEWER
  5084 | D:6      | Noticed a steam dragon
  5086 | D:6      | 5086 ||| Stepping ~*~*~tactically~*~*~ (cloud).
  5087 | D:6      | 5087 ||| Stepping ~*~*~tactically~*~*~ (cloud).
  5091 | D:6      | 5091 ||| INVOKING Berserk.
  5094 | D:6      | Killed a steam dragon
  5094 | D:6      | HP: 22/90 [something (8)]
  5099 | D:6      | Reached skill level 9 in Axes
  5105 | D:6      | HP: 13/60 [orc/+0 dagger (4)]
  5106 | D:6      | 5106 ||| READING 2 scrolls of teleportation.
  5271 | D:6      | 5271 ||| Stepping ~*~*~tactically~*~*~ (stealth).
  5272 | D:6      | 5272 ||| Stepping ~*~*~tactically~*~*~ (stealth).
  5273 | D:6      | 5273 ||| INVOKING Berserk.
  5389 | D:6      | Reached XP level 8. HP: 67/68 MP: 7/7
  5392 | D:6      | 5392 ||| READING scroll of brand weapon.
  5392 | D:6      | 5392 ||| BRANDING +0 war axe of flaming.
  5457 | D:6      | 5457 ||| INVOKING Berserk.
  5734 | D:6      | Found a transporter.
  5735 | D:6      | Noticed qw's ghost (amateur FoCA)
  5737 | D:6      | Found a transporter.
  5743 | D:6      | Noticed a queen bee
  5788 | D:6      | 5788 ||| RIP SEWER
  5790 | D:6      | 5790 ||| PLANNING D:1-11
  5803 | D:6      | Reached skill level 1 in Throwing
  6164 | D:6      | Found a staircase to the Ecumenical Temple.
  6313 | D:6      | Identified the amulet of Uqitt {Faith Harm}
  6397 | D:6      | 6397 ||| UPGRADING to +0 scale mail.
  6407 | D:6      | 6407 ||| DROPPING +0 ring mail.
  6408 | D:6      | 6408 ||| DROPPING amulet of Uqitt {Faith Harm}.
  6409 | D:6      | 6409 ||| READING 2 scrolls of identify.
  6409 | D:6      | 6409 ||| IDENTIFYING fizzy dark potion
  6441 | D:7      | 6441 ||| STAIRDANCE
  6498 | D:7      | 6498 ||| STAIRDANCE
  6510 | D:7      | 6510 ||| STAIRDANCE
  6516 | D:6      | 6516 ||| DROPPING +0 club.
  6526 | D:7      | 6526 ||| Stepping ~*~*~tactically~*~*~ (stealth).
  6526 | D:7      | Found a glowing silver altar of Zin.
  6533 | D:7      | 6533 ||| Stepping ~*~*~tactically~*~*~ (hiding).
  6536 | D:7      | 6536 ||| INVOKING Berserk.
  6678 | D:7      | 6678 ||| INVOKING Berserk.
  6856 | D:7      | 6856 ||| Stepping ~*~*~tactically~*~*~ (cloud).
  6857 | D:7      | 6857 ||| INVOKING Berserk.
  6860 | D:7      | Reached skill level 6 in Fighting
  6865 | D:7      | 6865 ||| Stepping ~*~*~tactically~*~*~ (cloud).
  7032 | D:7      | 7032 ||| Stepping ~*~*~tactically~*~*~ (hiding).
  7195 | D:7      | Reached XP level 9. HP: 75/77 MP: 8/8
  7255 | D:7      | Found a stormy altar of Qazlal.
  7259 | D:7      | 7259 ||| Stepping ~*~*~tactically~*~*~ (stealth).
  7260 | D:7      | 7260 ||| Stepping ~*~*~tactically~*~*~ (stealth).
  7261 | D:7      | 7261 ||| Stepping ~*~*~tactically~*~*~ (stealth).
  7427 | D:7      | 7427 ||| Stepping ~*~*~tactically~*~*~ (stealth).
  7433 | D:7      | 7433 ||| Stepping ~*~*~tactically~*~*~ (hiding).
  7443 | D:7      | 7443 ||| INVOKING Berserk.
  7773 | D:7      | 7773 ||| Stepping ~*~*~tactically~*~*~ (hiding).
  7778 | D:7      | Reached skill level 3 in Throwing
  7778 | D:7      | 7778 ||| INVOKING Berserk.
  7783 | D:7      | Reached skill level 3 in Armour
  8136 | D:7      | 8136 ||| INVOKING Berserk.
  8150 | D:7      | Reached skill level 12 in Axes
  8266 | D:7      | 8266 ||| UPGRADING to +0 plate armour.
  8276 | D:7      | 8276 ||| DROPPING +0 scale mail.
  8277 | D:7      | 8277 ||| UPGRADING to +2 kite shield.
  8287 | D:7      | 8287 ||| DROPPING +0 kite shield.
  8288 | D:7      | 8288 ||| UPGRADING to ring of see invisible.
  8290 | D:7      | 8290 ||| READING 2 scrolls labelled YNGUCU METTYN.
  8452 | D:7      | 8452 ||| DRINKING 2 glowing grey potions.
  8453 | D:7      | 8453 ||| READING 3 scrolls of identify.
  8453 | D:7      | 8453 ||| IDENTIFYING viscous ruby potion
  8454 | D:7      | 8454 ||| READING 2 scrolls of identify.
  8454 | D:7      | 8454 ||| IDENTIFYING smoky amethyst potion
  8455 | D:7      | 8455 ||| DROPPING potion of degeneration.
  8456 | D:7      | 8456 ||| DROPPING potion of berserk rage.
  8457 | D:7      | 8457 ||| DROPPING scroll of torment.
  8465 | D:8      | 8465 ||| PLANNING OSSUARY
  8473 | D:8      | 8473 ||| Stepping ~*~*~tactically~*~*~ (stealth).
  8490 | D:8      | Noticed Pikel
  8491 | D:8      | 8491 ||| INVOKING Berserk.
  8496 | D:8      | Killed Pikel
  8497 | D:8      | Reached skill level 6 in Armour
  8654 | D:8      | Noticed Maggie
  8663 | D:8      | 8663 ||| INVOKING Berserk.
  8667 | D:8      | Killed Maggie
  8668 | D:8      | Reached XP level 10. HP: 49/86 MP: 9/9
  8764 | D:8      | 8764 ||| Stepping ~*~*~tactically~*~*~ (stealth).
  8947 | D:8      | Found a sand-covered staircase.
  8948 | D:8      | 8948 ||| READING scroll labelled GURIED UWKA.
  8956 | Ossuary  | Entered an ossuary
  8969 | Ossuary  | Reached **** piety under Trog
  9169 | Ossuary  | Reached skill level 9 in Shields
  9333 | Ossuary  | 9333 ||| DRINKING 2 ruby potions.
  9346 | D:8      | 9346 ||| PLANNING D:1-11
  9363 | D:8      | 9363 ||| Stepping ~*~*~tactically~*~*~ (cloud).
  9366 | D:8      | 9366 ||| INVOKING Berserk.
  9410 | D:8      | 9410 ||| FLEEEEING.
  9412 | D:8      | 9412 ||| FLEEEEING.
  9441 | D:8      | 9441 ||| Stepping ~*~*~tactically~*~*~ (hiding).
  9446 | D:8      | 9446 ||| INVOKING Berserk.
  9646 | D:8      | Found a radiant altar of Vehumet.
  9657 | D:8      | Noticed Maurice
  9658 | D:8      | 9658 ||| FLEEEEING.
  9665 | D:8      | 9665 ||| Stepping ~*~*~tactically~*~*~ (hiding).
  9685 | D:8      | 9685 ||| Stepping ~*~*~tactically~*~*~ (hiding).
  9690 | D:8      | Killed Maurice
  9892 | D:8      | 9892 ||| UPGRADING to +0 cloak.
  9897 | D:8      | 9897 ||| UPGRADING to +0 tower shield.
  9907 | D:8      | 9907 ||| DROPPING +2 kite shield.
  9908 | D:8      | 9908 ||| DRINKING 2 sedimented grey potions.
 10038 | D:9      | You fall into a shaft and drop 1 floor!
 10038 | D:10     | Entered Level 10 of the Dungeon
 10185 | D:10     | 10185 ||| INVOKING Berserk.
 10206 | D:10     | Reached ***** piety under Trog
 10207 | D:10     | 10207 ||| INVOKING Brothers in Arms.
 10219 | D:10     | HP: 15/86 [orc warrior/+0 dire flail (16)]
 10220 | D:10     | 10220 ||| READING 4 scrolls of teleportation.
 10221 | D:10     | 10221 ||| DRINKING 2 potions of heal wounds.
 10446 | D:10     | 10446 ||| READING scroll labelled COXUJEE SUNNUH.
 10447 | D:10     | 10447 ||| READING 2 scrolls of identify.
 10447 | D:10     | 10447 ||| IDENTIFYING fuming golden potion
 10448 | D:10     | 10448 ||| DROPPING potion of flight.
 10510 | D:9      | Found Werph's Distillery.
 10518 | D:9      | 10518 ||| BUYING potion of cancellation (80 gold).
 10518 | D:9      | Bought a potion of cancellation for 80 gold pieces
 10518 | D:9      | 10518 ||| BUYING potion of heal wounds (50 gold).
 10518 | D:9      | Bought a potion of heal wounds for 50 gold pieces
 10564 | D:9      | 10564 ||| Stepping ~*~*~tactically~*~*~ (hiding).
 10567 | D:9      | 10567 ||| Stepping ~*~*~tactically~*~*~ (hiding).
 10571 | D:9      | 10571 ||| INVOKING Berserk.
 10672 | D:9      | 10672 ||| DROPPING +0 flail.
 10724 | D:9      | Found a transporter.
 10728 | D:9      | Found a transporter.
 10777 | D:9      | 10777 ||| Stepping ~*~*~tactically~*~*~ (stealth).
 10782 | D:9      | 10782 ||| Stepping ~*~*~tactically~*~*~ (stealth).
 10795 | D:9      | Reached skill level 12 in Shields
 10853 | D:9      | Noticed a boulder beetle
 10854 | D:9      | 10854 ||| INVOKING Berserk.
 10887 | D:9      | Killed a boulder beetle
 10888 | D:9      | Reached XP level 11. HP: 71/92 MP: 10/10
 11100 | D:9      | Found a transporter.
 11102 | D:9      | Found a transporter.
 11240 | D:9      | 11240 ||| READING 3 scrolls of identify.
 11240 | D:9      | 11240 ||| IDENTIFYING viscous green potion
 11241 | D:9      | 11241 ||| READING 2 scrolls of identify.
 11241 | D:9      | 11241 ||| IDENTIFYING glowing green potion
 11242 | D:9      | 11242 ||| DROPPING potion of invisibility.
 11423 | D:10     | 11423 ||| INVOKING Berserk.
 11452 | D:10     | 11452 ||| Stepping ~*~*~tactically~*~*~ (stealth).
 11455 | D:10     | 11455 ||| Stepping ~*~*~tactically~*~*~ (stealth).
 11461 | D:10     | 11461 ||| FLEEEEING.
 11462 | D:10     | 11462 ||| FLEEEEING.
 11463 | D:10     | 11463 ||| FLEEEEING.
 11464 | D:10     | 11464 ||| FLEEEEING.
 11465 | D:10     | 11465 ||| FLEEEEING.
 11466 | D:10     | 11466 ||| FLEEEEING.
 11467 | D:10     | 11467 ||| FLEEEEING.
 11468 | D:10     | 11468 ||| FLEEEEING.
 11469 | D:10     | 11469 ||| FLEEEEING.
 11470 | D:10     | 11470 ||| FLEEEEING.
 11471 | D:10     | 11471 ||| FLEEEEING.
 11495 | D:10     | 11495 ||| FLEEEEING.
 11498 | D:10     | 11498 ||| FLEEEEING.
 11499 | D:10     | 11499 ||| FLEEEEING.
 11500 | D:10     | 11500 ||| FLEEEEING.
 11501 | D:10     | 11501 ||| FLEEEEING.
 11502 | D:10     | 11502 ||| FLEEEEING.
 11503 | D:10     | 11503 ||| FLEEEEING.
 11504 | D:10     | 11504 ||| FLEEEEING.
 11505 | D:10     | 11505 ||| FLEEEEING.
 11506 | D:10     | 11506 ||| FLEEEEING.
 11507 | D:10     | 11507 ||| FLEEEEING.
 11511 | D:10     | 11511 ||| FLEEEEING.
 11512 | D:10     | 11512 ||| FLEEEEING.
 11513 | D:10     | 11513 ||| FLEEEEING.
 11514 | D:10     | 11514 ||| FLEEEEING.
 11515 | D:10     | 11515 ||| FLEEEEING.
 11516 | D:10     | 11516 ||| FLEEEEING.
 11517 | D:10     | 11517 ||| FLEEEEING.
 11524 | D:10     | 11524 ||| FLEEEEING.
 11525 | D:10     | 11525 ||| FLEEEEING.
 11526 | D:10     | 11526 ||| STAIRDANCE
 11599 | D:9      | 11599 ||| READING 2 scrolls of identify.
 11599 | D:9      | 11599 ||| IDENTIFYING black potion
 11600 | D:9      | 11600 ||| DROPPING potion of brilliance.
 11605 | D:10     | 11605 ||| INVOKING Berserk.
 11751 | D:10     | 11751 ||| INVOKING Berserk.
 11941 | D:10     | Found a staircase to the Orcish Mines.
 12122 | D:10     | 12122 ||| Stepping ~*~*~tactically~*~*~ (stealth).
 12123 | D:10     | 12123 ||| Stepping ~*~*~tactically~*~*~ (stealth).
 12124 | D:10     | 12124 ||| Stepping ~*~*~tactically~*~*~ (stealth).
 12126 | D:10     | 12126 ||| Stepping ~*~*~tactically~*~*~ (stealth).
 12129 | D:10     | 12129 ||| Stepping ~*~*~tactically~*~*~ (hiding).
 12132 | D:10     | 12132 ||| INVOKING Berserk.
 12652 | D:11     | Found a staircase to the Lair.
 12652 | D:11     | Noticed an oklob plant
 12655 | D:11     | Noticed an oklob plant
 12662 | D:11     | 12662 ||| INVOKING Berserk.
 12666 | D:11     | Killed an oklob plant
 12692 | D:11     | 12692 ||| INVOKING Berserk.
 12697 | D:11     | Killed an oklob plant
 13008 | D:11     | 13008 ||| Stepping ~*~*~tactically~*~*~ (hiding).
 13118 | D:11     | 13118 ||| INVOKING Berserk.
 13253 | D:11     | Identified the +3 plate armour of Starshine {rF+ rCorr MP+9
                  | Stlth-}
 13384 | D:11     | Noticed a boulder beetle
 13385 | D:11     | 13385 ||| INVOKING Berserk.
 13405 | D:11     | HP: 17/94 [meliai/divine providence (11)]
 13405 | D:11     | HP: 1/94 [meliai/divine providence (16)]
 13405 | D:11     | Killed from afar by a meliai

Levels and vault maps discovered:
D:1:      ldierk_water_garden, layout_basic, shapermc_ecumenical_altar_gd,
          serial_forest, infiniplex_forest_lined_1, infiniplex_forest_lined_1,
          infiniplex_forest_clump_large, infiniplex_forest_clump_tiny,
          infiniplex_forest_lined_room_2, infiniplex_forest_clump_tiny,
          infiniplex_forest_lined_2, infiniplex_forest_straight_3,
          minmay_worlds_worst_comb
D:2:      minmay_roachtagon, layout_basic, minmay_tromino_i2
D:3:      layout_basic
D:4:      layout_loops_cross, uniq_blork_the_orc
D:5:      layout_loops_cross, kennysheep_generic_room_10
D:6:      layout_basic, minmay_temple_entry_gardened_gates,
          portal_sewer_entry_c, gammafunk_ghost_hive
D:7:      layout_gridville, nicolae_qazlal_style_of_elements,
          mainiacjoe_overflow_tiny_flanked, kennysheep_generic_room_13
D:8:      layout_cave_pools, mainiacjoe_overflow_surrounded_room,
          nicolae_ossuary_entry_monument, uniq_maggie, uniq_pikel, uniq_maurice
D:9:      layout_roguey, serial_shops, shop_fountains,
          nicolae_transporter_circle
D:10:     layout_basic, david_orc_4, nicolae_elevator_lobby_asterisk
D:11:     layout_roguey, dpeg_oklobed_lair, chequers_arboretum

Skill      XL: |  1  2  3  4  5  6  7  8  9 10 11 |
---------------+----------------------------------+-----
Axes           | 4 5 6 7 9 10 12 13 | 13.9
Shields        | 4 5 6 7 8 12 13 | 13.0
Fighting       | 4 5 6 7 8 |  8.0
Throwing       | 2 3 |  3.2
Armour         | 6 7 |  7.1
Dodging        | |  2.1

Action                   |  1- 3 |  4- 6 |  7- 9 | 10-12 || total
-------------------------+-------+-------+-------+-------++-------
Melee: Hand axe          |    84 |       |       |       ||    84
       Headbutt          |     9 |    15 |    36 |    88 ||   148
       War axe           |    24 |   134 |   213 |   339 ||   710
       Punch             |       |     1 |       |       ||     1
Throw: Boomerang         |       |       |    20 |     5 ||    25
       Javelin           |       |       |    16 |     4 ||    20
Invok: Berserk           |     1 |     2 |    12 |    13 ||    28
       Brothers in Arms  |       |       |       |     1 ||     1
  Use: Scroll            |     4 |     2 |    11 |     7 ||    24
       Potion            |       |     1 |     1 |     3 ||     5
Armor: Animal skin       |    12 |       |       |       ||    12
       Ring mail         |    16 |    36 |    13 |       ||    65
       Scale mail        |       |       |    33 |       ||    33
       Plate armour      |       |       |    17 |   101 ||   118
Dodge: Dodged            |    70 |    71 |    63 |    48 ||   252
Block: Kite shield       |       |    36 |    98 |    44 ||   178
       Tower shield      |       |       |       |   147 ||   147

Table legend:
 A = Non-vault XP
 B = Vault XP
 C = Vault XP percentage of total XP
 D = Non-vault monster count
 E = Vault monster count
 F = Vault count percentage of total count
                 A         B        C        D         E       F
            +---------+---------+-------+---------+---------+-------
      Total |   11674 |    3733 |  24.2 |     217 |      85 |  28.1
            +---------+---------+-------+---------+---------+-------
        D:1 |      40 |       8 |  16.7 |      24 |       4 |  14.3
        D:2 |      24 |      27 |  52.9 |      11 |      14 |  56.0
        D:3 |      97 |       0 |   0.0 |      23 |       0 |   0.0
        D:4 |      70 |      94 |  57.3 |      16 |       1 |   5.9
        D:5 |     641 |      14 |   2.1 |      20 |       1 |   4.8
        D:6 |     860 |      29 |   3.3 |      13 |       4 |  23.5
        D:7 |    2331 |      82 |   3.4 |      34 |       2 |   5.6
        D:8 |    1189 |    1476 |  55.4 |      26 |       3 |  10.3
        D:9 |    3633 |       0 |   0.0 |      29 |       0 |   0.0
       D:10 |     905 |     694 |  43.4 |       8 |      16 |  66.7
       D:11 |    1884 |    1107 |  37.0 |      13 |       2 |  13.3
    Ossuary |       0 |     202 | 100.0 |       0 |      38 | 100.0
            +---------+---------+-------+---------+---------+-------
